BR
QUINCY DOUGHBOYS @ HARTFORD DARTH WHALERS
08/29/2027
 
TOP OF THE 1ST
Quincy Doughboys batting - Pitching for Hartford Darth Whalers : RHP Carlos Bojórquez
Pitching: RHP Carlos Bojórquez
Batting: RHB Jorge Chávez 0-0: Ball
1-0: Called Strike
1-1: Called Strike
1-2: Ball
2-2: Strikes out looking
Batting: RHB Marlon Hernández 0-0: Ball
1-0: Foul Ball, location: 2F
1-1: Foul Ball, location: 2F
1-2: Foul Ball, location: 2F
1-2: Strikes out swinging
Batting: LHB Marv Gardner 0-0: Foul Ball, location: 2F
0-1: Fly out, F9 (Flyball, 89XD)
Top of the 1st over - 0 run(s), 0 hit(s), 0 error(s), 0 left on base; Quincy 0 - Hartford 0
BOTTOM OF THE 1ST
Hartford Darth Whalers batting - Pitching for Quincy Doughboys : LHP Tomás Prieto
Pitching: LHP Tomás Prieto
Batting: RHB José Chávez 0-0: Ball
1-0: Called Strike
1-1: Ball
2-1: Ball
3-1: Ground out 3-1 (Groundball, 34S)
Batting: RHB Augusto Padilla 0-0: Called Strike
0-1: Swinging Strike
0-2: Ball
1-2: Strikes out looking
Batting: LHB Gonzalo Gálvez 0-0: SINGLE (Line Drive, 4D)
Batting: RHB Sidney Smith 0-0: Called Strike
0-1: Fly out, F7 (Flyball, 7S)
Bottom of the 1st over - 0 run(s), 1 hit(s), 0 error(s), 1 left on base; Quincy 0 - Hartford 0
TOP OF THE 2ND
Quincy Doughboys batting - Pitching for Hartford Darth Whalers : RHP Carlos Bojórquez
Batting: LHB Alberto Castellanos 0-0: Fly out, F6 (Popup, 6D)
Batting: LHB Seth Sullivan 0-0: Called Strike
0-1: Foul Ball, location: 2F
0-2: Ball
1-2: Strikes out swinging
Batting: RHB Júlio Contreras 0-0: Ball
1-0: Fly out, F9 (Flyball, 89M)
Top of the 2nd over - 0 run(s), 0 hit(s), 0 error(s), 0 left on base; Quincy 0 - Hartford 0
BOTTOM OF THE 2ND
Hartford Darth Whalers batting - Pitching for Quincy Doughboys : LHP Tomás Prieto
Batting: RHB Sean White 0-0: Called Strike
0-1: Ground out 3-1 (Groundball, 34)
Batting: RHB Luis Manuel Miranda 0-0: Foul Ball, location: 2F
0-1: Swinging Strike
0-2: Strikes out looking
Batting: RHB Donny Boykins 0-0: Foul Ball, location: 2F
0-1: Ball
1-1: SINGLE (Line Drive, 56D)
Batting: LHB Pancho Hernández 0-0: Ball
1-0: Fly out, F6 (Line Drive, 6)
Bottom of the 2nd over - 0 run(s), 1 hit(s), 0 error(s), 1 left on base; Quincy 0 - Hartford 0
TOP OF THE 3RD
Quincy Doughboys batting - Pitching for Hartford Darth Whalers : RHP Carlos Bojórquez
Batting: RHB Tucker Cooper 0-0: DOUBLE (Line Drive, 9D)
Batting: LHB Juan Vásquez 0-0: Called Strike
0-1: Foul Ball, location: 2F
0-2: Ball
1-2: Strikes out swinging
Batting: RHB Henry Haines 0-0: Fly out, F9 (Flyball, 9LDF)
Runner from 2nd tags up, SAFE at 3rd, no throw
Batting: RHB Jorge Chávez 0-0: Called Strike
0-1: Ball
1-1: Fly out, F9 (Flyball, 89S)
Top of the 3rd over - 0 run(s), 1 hit(s), 0 error(s), 1 left on base; Quincy 0 - Hartford 0
BOTTOM OF THE 3RD
Hartford Darth Whalers batting - Pitching for Quincy Doughboys : LHP Tomás Prieto
Batting: RHB José Sánchez 0-0: Ball
1-0: Fly out, F4 (Popup, 4D)
Batting: RHB José Chávez 0-0: Swinging Strike
0-1: Called Strike
0-2: SINGLE (Groundball, 15) (infield hit)
Batting: RHB Augusto Padilla 0-0: Ball
1-0: Ball
José Chávez is caught stealing 2nd base
2-0: Ball
3-0: Base on Balls
Batting: LHB Gonzalo Gálvez 0-0: Called Strike
0-1: Ball
1-1: Foul Ball, location: 2F
1-2: Ball
2-2: Strikes out swinging
Bottom of the 3rd over - 0 run(s), 1 hit(s), 0 error(s), 1 left on base; Quincy 0 - Hartford 0
TOP OF THE 4TH
Quincy Doughboys batting - Pitching for Hartford Darth Whalers : RHP Carlos Bojórquez
Batting: RHB Marlon Hernández 0-0: Swinging Strike
0-1: Swinging Strike
0-2: Strikes out swinging
Batting: LHB Marv Gardner 0-0: Ball
1-0: Called Strike
1-1: SOLO HOME RUN (Flyball, 8LXD), Distance : 454 ft
Batting: LHB Alberto Castellanos 0-0: Called Strike
0-1: Foul Ball, location: 2F
0-2: Ground out 4-3 (Groundball, 4)
Batting: LHB Seth Sullivan 0-0: Ball
1-0: Ball
2-0: Ground out 4-3 (Groundball, 34)
Top of the 4th over - 1 run(s), 1 hit(s), 0 error(s), 0 left on base; Quincy 1 - Hartford 0
BOTTOM OF THE 4TH
Hartford Darth Whalers batting - Pitching for Quincy Doughboys : LHP Tomás Prieto
Batting: RHB Sidney Smith 0-0: Called Strike
0-1: Ball
1-1: Ball
2-1: Ball
3-1: Ground out 5-3 (Groundball, 5)
Batting: RHB Sean White 0-0: Ball
1-0: Foul Ball, location: 2F
1-1: Ball
2-1: Called Strike
2-2: Ball
3-2: Foul Ball, location: 2F
3-2: Base on Balls
Batting: RHB Luis Manuel Miranda 0-0: Ball
1-0: Ball
2-0: Swinging Strike
2-1: Fly out, F7 (Flyball, 7LS)
Batting: RHB Donny Boykins 0-0: Called Strike
0-1: Ball
1-1: Ball
2-1: Called Strike
2-2: Ground out 4-3 (Groundball, 4)
Bottom of the 4th over - 0 run(s), 0 hit(s), 0 error(s), 1 left on base; Quincy 1 - Hartford 0
TOP OF THE 5TH
Quincy Doughboys batting - Pitching for Hartford Darth Whalers : RHP Carlos Bojórquez
Batting: RHB Júlio Contreras 0-0: Called Strike
0-1: Ball
1-1: Ball
2-1: Ball
3-1: Base on Balls
Batting: RHB Tucker Cooper 0-0: Called Strike
0-1: Called Strike
0-2: Foul Ball, location: 2F
0-2: Foul Ball, location: 2F
0-2: Ball
Wild Pitch!
Júlio Contreras to second
1-2: Foul Ball, location: 2F
1-2: Foul Ball, location: 2F
1-2: Foul Ball, location: 2F
1-2: Ball
2-2: Ball
3-2: Foul Ball, location: 2F
3-2: Base on Balls
Batting: LHB Juan Vásquez 0-0: Ball
1-0: Ball
2-0: Called Strike
2-1: Foul Ball, location: 2F
2-2: Strikes out swinging
Batting: RHB Henry Haines 0-0: Ball
1-0: Ball
2-0: Called Strike
2-1: Ground out 5-3 (Groundball, 5S)
Júlio Contreras to third
Tucker Cooper to second
Batting: RHB Jorge Chávez 0-0: Ball
1-0: Called Strike
1-1: Ball
2-1: Foul Ball, location: 2F
2-2: Fly out, F8 (Flyball, 8LS)
Top of the 5th over - 0 run(s), 0 hit(s), 0 error(s), 2 left on base; Quincy 1 - Hartford 0
BOTTOM OF THE 5TH
Hartford Darth Whalers batting - Pitching for Quincy Doughboys : LHP Tomás Prieto
Batting: LHB Pancho Hernández 0-0: Fly out, F7 (Flyball, 7S)
Batting: RHB José Sánchez 0-0: Called Strike
0-1: Reached on error, E5 (Groundball, 56)
Batting: RHB José Chávez 0-0: Ball
1-0: Fly out, F9 (Flyball, 9LS)
Batting: RHB Augusto Padilla 0-0: Ball
1-0: Ball
José Sánchez is caught stealing 2nd base
Bottom of the 5th over - 0 run(s), 0 hit(s), 1 error(s), 0 left on base; Quincy 1 - Hartford 0
TOP OF THE 6TH
Quincy Doughboys batting - Pitching for Hartford Darth Whalers : RHP Carlos Bojórquez
Batting: RHB Marlon Hernández 0-0: Called Strike
0-1: Ball
1-1: Fly out, F7 (Flyball, 7S)
Batting: LHB Marv Gardner 0-0: Ball
1-0: Ball
2-0: Ball
3-0: Base on Balls
Batting: LHB Alberto Castellanos 0-0: Ball
1-0: SINGLE (Flyball, 9LM)
Marv Gardner to second
Runner from 2nd tries for 3rd, OUT!
Alberto Castellanos to second
Pitching: RHP James Jones
Batting: LHB Seth Sullivan 0-0: Ball
1-0: Fly out, F9 (Line Drive, 89M)
Top of the 6th over - 0 run(s), 1 hit(s), 0 error(s), 1 left on base; Quincy 1 - Hartford 0
BOTTOM OF THE 6TH
Hartford Darth Whalers batting - Pitching for Quincy Doughboys : LHP Tomás Prieto
Batting: RHB Augusto Padilla 0-0: Ball
1-0: Foul Ball, location: 2F
1-1: Foul Ball, location: 2F
1-2: Ground out 2-3 (Groundball, 2R)
Batting: LHB Gonzalo Gálvez 0-0: Fly out, F8 (Flyball, 8LS)
Batting: RHB Sidney Smith 0-0: Ground out 6-3 (Groundball, 6)
Bottom of the 6th over - 0 run(s), 0 hit(s), 0 error(s), 0 left on base; Quincy 1 - Hartford 0
TOP OF THE 7TH
Quincy Doughboys batting - Pitching for Hartford Darth Whalers : RHP James Jones
Batting: RHB Júlio Contreras 0-0: SINGLE (Groundball, 4MD)
Batting: RHB Tucker Cooper 0-0: Bunted foul
0-1: Bunt missed!
0-2: Foul Ball, location: 2F
0-2: Foul Ball, location: 2F
0-2: Foul Ball, location: 2F
0-2: Ball
1-2: Foul Ball, location: 2F
1-2: SINGLE (Groundball, 4D)
Júlio Contreras to second
Júlio Contreras to third
Batting: LHB Juan Vásquez 0-0: Called Strike
0-1: Foul Ball, location: 2F
0-2: Ground out 4-3 (Groundball, 34)
Tucker Cooper to second
Batting: RHB Henry Haines 0-0: Ball
1-0: SINGLE (Flyball, 78S)
Júlio Contreras scores
Tucker Cooper to third
Runner from 3rd tries for Home, throw and OUT!
Batting: RHB Jorge Chávez 0-0: Ball
1-0: Called Strike
1-1: Ball
2-1: Ball
3-1: Base on Balls
Henry Haines to second
Pinch Hitting: RHB Pedro Sandoval 0-0: Ball
1-0: Ball
2-0: Called Strike
2-1: Fly out, F9 (Line Drive, 9S)
Top of the 7th over - 1 run(s), 3 hit(s), 0 error(s), 2 left on base; Quincy 2 - Hartford 0
BOTTOM OF THE 7TH
Hartford Darth Whalers batting - Pitching for Quincy Doughboys : LHP Tomás Prieto
Now at 1B: António Gutiérrez
Batting: RHB Sean White 0-0: SINGLE (Line Drive, 4MD)
Batting: RHB Luis Manuel Miranda 0-0: Bunted foul
0-1: Ball
1-1: Ball
2-1: Ball
3-1: Sac Bunt - play at first, batter OUT! 2-4
Sean White to second
Batting: RHB Donny Boykins 0-0: Foul Ball, location: 2F
0-1: Called Strike
0-2: Strikes out looking
Batting: LHB Pancho Hernández 0-0: Ball
1-0: Fly out, F1 (Popup, P)
Bottom of the 7th over - 0 run(s), 1 hit(s), 0 error(s), 1 left on base; Quincy 2 - Hartford 0
TOP OF THE 8TH
Quincy Doughboys batting - Pitching for Hartford Darth Whalers : RHP James Jones
Batting: LHB Marv Gardner 0-0: Ball
1-0: Ball
2-0: Called Strike
2-1: Ground out 4-3 (Groundball, 4)
Batting: LHB Alberto Castellanos 0-0: Called Strike
0-1: Ball
1-1: Called Strike
1-2: Strikes out swinging
Batting: LHB Seth Sullivan 0-0: SINGLE (Line Drive, 6M)
Batting: RHB Júlio Contreras 0-0: Foul Ball, location: 2F
0-1: Ball
1-1: Ball
2-1: Ball
3-1: Base on Balls
Seth Sullivan to second
Pinch Hitting: RHB Miguel Medina 0-0: Fielders Choice at 2nd, 6-4 (Groundball, 6)
Top of the 8th over - 0 run(s), 1 hit(s), 0 error(s), 1 left on base; Quincy 2 - Hartford 0
BOTTOM OF THE 8TH
Hartford Darth Whalers batting - Pitching for Quincy Doughboys : LHP Tomás Prieto
Pitching: RHP Javier Franco
Now at 3B: Vicente Barajas
Batting: RHB José Sánchez 0-0: Swinging Strike
0-1: Ball
1-1: Ball
2-1: SINGLE (Groundball, 34D)
Batting: RHB José Chávez 0-0: Foul Ball, location: 2F
0-1: Ball
1-1: Ball
2-1: Ball
3-1: Fielders Choice at 2nd, 6-4 (Groundball, 6)
Batting: RHB Augusto Padilla 0-0: Ball
1-0: Ball
2-0: Fly out, F9 (Flyball, 9)
Pitching: LHP Kees Asmus
Batting: LHB Gonzalo Gálvez 0-0: Foul Ball, location: 2F
0-1: Ball
1-1: Ball
2-1: Fly out, F8 (Flyball, 8LM)
Bottom of the 8th over - 0 run(s), 1 hit(s), 0 error(s), 1 left on base; Quincy 2 - Hartford 0
TOP OF THE 9TH
Quincy Doughboys batting - Pitching for Hartford Darth Whalers : RHP James Jones
Batting: LHB Juan Vásquez 0-0: SINGLE (Line Drive, 89S)
Batting: RHB Henry Haines 0-0: Ball
1-0: Called Strike
1-1: Ball
2-1: Foul Ball, location: 2F
2-2: Strikes out looking
Batting: RHB Jorge Chávez 0-0: Ball
1-0: Ball
2-0: Fly out, F8 (Flyball, 8RS)
Batting: LHB António Gutiérrez 0-0: Ball
1-0: Foul Ball, location: 2F
1-1: Ball
2-1: 2-RUN HOME RUN (Flyball, 89XD), Distance : 430 ft
Batting: LHB Marv Gardner 0-0: Ball
1-0: Ball
2-0: Foul Ball, location: 2F
2-1: Ball
3-1: Foul Ball, location: 2F
3-2: Fly out, F8 (Flyball, 8LM)
Top of the 9th over - 2 run(s), 2 hit(s), 0 error(s), 0 left on base; Quincy 4 - Hartford 0
BOTTOM OF THE 9TH
Hartford Darth Whalers batting - Pitching for Quincy Doughboys : LHP Kees Asmus
Pitching: RHP Manuel Castro
Batting: RHB Sidney Smith 0-0: Foul Ball, location: 2F
0-1: Ball
1-1: Foul Ball, location: 2F
1-2: Strikes out swinging
Batting: RHB Sean White 0-0: Called Strike
0-1: Fly out, F6 (Popup, 4M)
Batting: RHB Luis Manuel Miranda 0-0: Ball
1-0: Fly out, F3 (Flyball, 3DF)
Bottom of the 9th over - 0 run(s), 0 hit(s), 0 error(s), 0 left on base; Quincy 4 - Hartford 0
Thursday, March 30th, 2017 - OOTP Baseball 17.12 Build 75